details: 'cowards dodge a 1v2 then lose afk war'

« prev index next »

General information

Mini Map

Players

team 1
Random» niGhT_blOoDy (pink | 0 APM | 0 actions | 00:05)
Random» t0p-c4t (yellow | 0 APM | 0 actions | 00:04)
UndeadYOUNEEK1 (orange | 3 APM | 159 actions | 48:56)

» actions
Build / train1
Right click49
Select / deselect80
Use ability29
159 total
» units
Acolyte1
1 total
» buildings
Necropolis27
27 total
» build order
00:01 Necropolis
00:02 Necropolis
00:02 Necropolis
00:02 Necropolis
00:02 Necropolis
00:03 Necropolis
00:03 Necropolis
00:03 Necropolis
00:03 Necropolis
00:04 Necropolis
00:04 Necropolis
00:04 Necropolis
00:04 Necropolis
00:05 Necropolis
00:05 Necropolis
00:05 Necropolis
00:05 Necropolis
00:06 Necropolis
UndeadJaood (teal | 2 APM | 96 actions | 45:50)

» actions
Basic commands8
Build / train1
Enter build submenu1
Right click30
Select / deselect39
Use ability17
96 total
» units
Acolyte1
1 total
» buildings
Ziggurat1
1 total
» build order
00:08 Ziggurat
team 2
HumanVive_le_Qc (red | 0 APM | 0 actions | 00:05)
Humandumb_retard (green | 43 APM | 2100 actions | 48:58)
Hero icon 6 Archmage
Ability icon 3 Summon Water Elemental
Ability icon 3 Brilliance Aura
Hero icon 3 Priestess of the Moon
Ability icon 2 Trueshot Aura
Ability icon 1 Searing Arrows
Hero icon 5 Blood Mage
Ability icon 3 Flame Strike
Ability icon 2 Siphon Mana
Hero icon 3 Keeper of the Grove
Ability icon 2 Thorns Aura
Ability icon 1 Entangling Roots
Hero icon 3 Paladin
Ability icon 1 Holy Light
Ability icon 2 Devotion Aura
Hero icon 3 Demon Hunter
Ability icon 2 Evasion
Ability icon 1 Mana Burn
Hero icon 3 Naga Sea Witch
Ability icon 2 Frost Arrows
Ability icon 1 Mana Shield
Hero icon 3 Dark Ranger
Ability icon 2 Black Arrow
Ability icon 1 Silence
Hero icon 3 Mountain King
Ability icon 2 Bash
Ability icon 1 Storm Bolt

» actions
Assign group hotkey17
Basic commands47
Build / train258
ESC pressed6
Enter build submenu50
Enter hero's abilities submenu43
Give item / drop item35
Remove unit from queue14
Right click509
Select / deselect741
Select group hotkey205
Use ability175
2100 total
» units
Peasant57
Wisp34
Goblin Zeppelin61
Goblin Shredder3
Footman2
157 total
» upgrades
Defend1
Long Rifles0
Lumber Harvesting6
Masonry7
Nature's Blessing1
Well Spring1
Backpack1
Ultravision1
Strength of the Wild0
Strength of the Moon0
Moon Armor0
Reinforced Hides0
18 total
» buildings
Altar of Kings3
Barracks3
Farm16
Altar of Elders1
Moon Well4
Tree of Ages1
Keep5
Lumber Mill5
Tree of Eternity1
Castle3
Hunter's Hall1
Blacksmith4
Town Hall7
Tree of Life2
Arcane Vault1
57 total
» build order
00:03 Altar of Kings
00:05 Barracks
00:08 Farm
00:14 Altar of Kings
00:18 Farm
00:21 Altar of Kings
00:24 Farm
00:30 Altar of Elders
00:32 Moon Well
00:56 Barracks
01:21 Barracks
02:51 Farm
02:51 Farm
02:57 Farm
04:24 Tree of Ages
04:33 Farm
04:34 Farm
04:51 Keep
05:00 Keep
05:08 Lumber Mill
05:27 Keep
05:35 Lumber Mill
05:47 Lumber Mill
06:38 Keep
06:38 Keep
06:46 Tree of Eternity
07:22 Castle
07:37 Moon Well
07:37 Moon Well
07:38 Moon Well
07:41 Hunter's Hall
07:44 Blacksmith
07:45 Blacksmith
07:47 Lumber Mill
07:48 Lumber Mill
07:49 Farm
07:49 Farm
08:07 Farm
08:07 Farm
08:11 Blacksmith
08:11 Blacksmith
08:26 Castle
09:05 Farm
09:08 Farm
09:10 Farm
09:45 Farm
09:50 Castle
20:40 Town Hall
23:58 Town Hall
24:18 Town Hall
24:33 Tree of Life
24:40 Tree of Life
25:57 Arcane Vault
40:04 Town Hall
40:30 Town Hall
40:34 Town Hall
48:56 Town Hall
» items
Boots of Quel'Thalas +66
Belt of Giant Strength +64
Robe of the Magi +67
Alleria's Flute of Accuracy1
18 total
NightElfjedirambo (purple | 0 APM | 0 actions | 00:05)
HumanBLOOD-WARRIOR (blue | 10 APM | 1 actions | 00:05)

» actions
Select / deselect1
1 total

Chat log

(00:05 / All) Jaood: afk
(00:42 / All) dumb_retard: rofl
(00:43 / All) dumb_retard: nice
(00:46 / All) dumb_retard: your ally did the drophack
(00:47 / All) dumb_retard: and u bs him
(01:35 / All) Jaood: waste hes time for get unit and heros
(02:12 / All) dumb_retard: its too bad, cuz using 4 bases is kind of fun
(02:18 / All) Jaood: afk
(02:19 / All) Jaood: we afk
(02:25 / All) YOUNEEK1: afkkk. ill brb

(03:49 / All) dumb_retard: LOL
(04:00 / All) dumb_retard: my record time is 48 hours
(04:09 / All) dumb_retard: i lost that game
(04:13 / All) dumb_retard: so hopefully this one will go longer
(04:14 / All) dumb_retard: and i can win it
(04:17 / All) dumb_retard: to redeem myself

(45:53 / All) dumb_retard: lol
(45:55 / All) dumb_retard: 1 down

(48:55 / All) YOUNEEK1: lmaoo wtff. i aint wiaiting for this shitt my ally left, he said he would stayy lmaoo